TOP OF THE 1ST |
Chicago Hawks batting - Pitching for Boston Patriots : RHP Lúcio Sánchez
|
Pitching: RHP Lúcio Sánchez
|
|
Batting: LHB Motoshige Kitamura
|
0-0: Called Strike 0-1: Ball 1-1: Fly out, F7 (Flyball, 7S)
|
Batting: RHB José Lozano
|
0-0: Ball 1-0: Ground out 6-3 (Groundball, 6)
|
Batting: LHB Bill Griffin
|
0-0: Called Strike 0-1: Called Strike 0-2: Foul Ball, location: 2F 0-2: Foul Ball, location: 2F 0-2: Ball 1-2: Ball 2-2: Ball 3-2: Base on Balls
|
Batting: RHB Ramón Gómez
|
0-0: Ball 1-0: Fielders Choice at 2nd, U6 (Groundball, 6M)
|
Top of the 1st over - 0 run(s), 0 hit(s), 0 error(s), 1 left on base; Chicago 0 - Boston 0 |
BOTTOM OF THE 1ST |
Boston Patriots batting - Pitching for Chicago Hawks : RHP Adrián Fierro
|
Pitching: RHP Adrián Fierro
|
|
Batting: RHB Tommy Jones
|
0-0: Ball 1-0: Foul Ball, location: 2F 1-1: Foul Ball, location: 2F 1-2: Foul Ball, location: 2F 1-2: Ball 2-2: Ball 3-2: Foul Ball, location: 2F 3-2: SINGLE (Line Drive, 78S)
|
Batting: RHB Tamasaburo Kato
|
0-0: Ball 1-0: Ball 2-0: Foul Ball, location: 2F 2-1: Foul Ball, location: 2F 2-2: SINGLE (Groundball, 56D) Tommy Jones to second
|
Batting: LHB Chad Armstrong
|
0-0: Ball 1-0: Ball 2-0: Foul Ball, location: 2F 2-1: Called Strike 2-2: DOUBLE (Flyball, 89XD) Tommy Jones scores Tamasaburo Kato to third
|
Batting: RHB Wilfred McLaughlin
|
0-0: Ball 1-0: Ball 2-0: Ball 3-0: Called Strike 3-1: Foul Ball, location: 2F 3-2: Strikes out swinging
|
Batting: LHB Bill Chambers
|
0-0: Ball 1-0: Called Strike 1-1: Foul Ball, location: 2F 1-2: Strikes out looking
|
Batting: RHB Karl Schultz
|
0-0: SINGLE (Flyball, 7S) Tamasaburo Kato scores Chad Armstrong to third Runner from 3rd tries for Home, throw and OUT!
|
Bottom of the 1st over - 2 run(s), 4 hit(s), 0 error(s), 1 left on base; Chicago 0 - Boston 2 |
TOP OF THE 2ND |
Chicago Hawks batting - Pitching for Boston Patriots : RHP Lúcio Sánchez
|
Batting: LHB Bobby Moore
|
0-0: Ball 1-0: Ground out 3-1 (Groundball, 34)
|
Batting: RHB Ed Whitaker
|
0-0: Ball 1-0: Swinging Strike 1-1: Ball 2-1: Swinging Strike 2-2: Strikes out swinging
|
Batting: RHB Mitch Jensen
|
0-0: Foul Ball, location: 2F 0-1: Ball 1-1: Called Strike 1-2: Foul Ball, location: 2F 1-2: Ball 2-2: Ball 3-2: Base on Balls
|
Batting: RHB José Ramos
|
Pickoff Throw to First - Out!
|
Top of the 2nd over - 0 run(s), 0 hit(s), 0 error(s), 0 left on base; Chicago 0 - Boston 2 |
BOTTOM OF THE 2ND |
Boston Patriots batting - Pitching for Chicago Hawks : RHP Adrián Fierro
|
Batting: RHB Enrique Pérez
|
0-0: Called Strike 0-1: Ball 1-1: Called Strike 1-2: Fly out, F6 (Popup, 6M)
|
Batting: LHB Juan González
|
0-0: Ball 1-0: Fly out, F7 (Flyball, 7D)
|
Batting: RHB Bob Heller
|
0-0: Ball 1-0: Ball 2-0: Called Strike 2-1: Called Strike 2-2: Ball 3-2: DOUBLE (Flyball, 78XD)
|
Batting: RHB Tommy Jones
|
0-0: Ball 1-0: Ball 2-0: Ball 3-0: Fly out, F5 (Line Drive, 5)
|
Bottom of the 2nd over - 0 run(s), 1 hit(s), 0 error(s), 1 left on base; Chicago 0 - Boston 2 |
TOP OF THE 3RD |
Chicago Hawks batting - Pitching for Boston Patriots : RHP Lúcio Sánchez
|
Batting: RHB José Ramos
|
0-0: Called Strike 0-1: Ground out 4-3 (Groundball, 4)
|
Batting: RHB Ted Young
|
0-0: Swinging Strike 0-1: Ground out 6-3 (Groundball, 6M)
|
Batting: LHB Motoshige Kitamura
|
0-0: Called Strike 0-1: Ball 1-1: SOLO HOME RUN (Flyball, 9D), Distance : 371 ft
|
Batting: RHB José Lozano
|
0-0: Called Strike 0-1: Ball 1-1: SINGLE (Line Drive, 6MD)
|
Batting: LHB Bill Griffin
|
0-0: Ball 1-0: Fly out, F9 (Line Drive, 9S)
|
Top of the 3rd over - 1 run(s), 2 hit(s), 0 error(s), 1 left on base; Chicago 1 - Boston 2 |
BOTTOM OF THE 3RD |
Boston Patriots batting - Pitching for Chicago Hawks : RHP Adrián Fierro
|
Batting: RHB Tamasaburo Kato
|
0-0: Called Strike 0-1: SOLO HOME RUN (Flyball, 78XD), Distance : 438 ft
|
Batting: LHB Chad Armstrong
|
0-0: Called Strike 0-1: Ball 1-1: Called Strike 1-2: Foul Ball, location: 2F 1-2: Ball 2-2: Ball 3-2: Fly out, F5 (Flyball, 7S)
|
Batting: RHB Wilfred McLaughlin
|
0-0: Ball 1-0: Ball 2-0: Called Strike 2-1: Ball 3-1: TRIPLE (Flyball, 89XD)
|
Batting: LHB Bill Chambers
|
0-0: Called Strike 0-1: Called Strike 0-2: Foul Ball, location: 2F 0-2: Fly out, F1 (Line Drive, 15)
|
Batting: RHB Karl Schultz
|
0-0: Called Strike 0-1: Ball 1-1: Called Strike 1-2: Ball 2-2: Ball 3-2: Ground out 5-3 (Groundball, 5L)
|
Bottom of the 3rd over - 1 run(s), 2 hit(s), 0 error(s), 1 left on base; Chicago 1 - Boston 3 |
TOP OF THE 4TH |
Chicago Hawks batting - Pitching for Boston Patriots : RHP Lúcio Sánchez
|
Batting: RHB Ramón Gómez
|
0-0: SINGLE (Line Drive, 6MD)
|
Batting: LHB Bobby Moore
|
0-0: Ball 1-0: Ball 2-0: Grounds into double play, 6-4-3 (Groundball, 6)
|
Batting: RHB Ed Whitaker
|
0-0: Swinging Strike 0-1: Swinging Strike 0-2: Strikes out looking
|
Top of the 4th over - 0 run(s), 1 hit(s), 0 error(s), 0 left on base; Chicago 1 - Boston 3 |
BOTTOM OF THE 4TH |
Boston Patriots batting - Pitching for Chicago Hawks : RHP Adrián Fierro
|
Batting: RHB Enrique Pérez
|
0-0: Swinging Strike 0-1: Foul Ball, location: 2F 0-2: Strikes out swinging
|
Batting: LHB Juan González
|
0-0: Called Strike 0-1: Ball 1-1: Ball 2-1: Ball 3-1: Base on Balls
|
Batting: RHB Bob Heller
|
0-0: Called Strike 0-1: Called Strike 0-2: Ball 1-2: Foul Ball, location: 2F 1-2: Strikes out swinging
|
Batting: RHB Tommy Jones
|
0-0: Ball 1-0: Ball 2-0: Ball 3-0: Base on Balls Juan González to second
|
Batting: RHB Tamasaburo Kato
|
0-0: Ball 1-0: Foul Ball, location: 2F 1-1: Ball 2-1: Foul Ball, location: 2F 2-2: Ball 3-2: DOUBLE (Flyball, 7LD) Juan González scores Tommy Jones to third Tommy Jones scores
|
Batting: LHB Chad Armstrong
|
0-0: Called Strike 0-1: Ball 1-1: Swinging Strike 1-2: Ball 2-2: Strikes out looking
|
Bottom of the 4th over - 2 run(s), 1 hit(s), 0 error(s), 1 left on base; Chicago 1 - Boston 5 |
TOP OF THE 5TH |
Chicago Hawks batting - Pitching for Boston Patriots : RHP Lúcio Sánchez
|
Batting: RHB Mitch Jensen
|
0-0: Ball 1-0: Called Strike 1-1: Ball 2-1: Foul Ball, location: 2F 2-2: Ball 3-2: Strikes out looking
|
Batting: RHB José Ramos
|
0-0: Ground out 5-3 (Groundball, 5)
|
Batting: RHB Ted Young
|
0-0: Foul Ball, location: 2F 0-1: Ball 1-1: Ball 2-1: Foul Ball, location: 2F 2-2: Ball 3-2: Strikes out swinging
|
Top of the 5th over - 0 run(s), 0 hit(s), 0 error(s), 0 left on base; Chicago 1 - Boston 5 |
BOTTOM OF THE 5TH |
Boston Patriots batting - Pitching for Chicago Hawks : RHP Adrián Fierro
|
Batting: RHB Wilfred McLaughlin
|
0-0: Ball 1-0: Fly out, F9 (Line Drive, 9S)
|
Batting: LHB Bill Chambers
|
0-0: Ball 1-0: SINGLE (Groundball, 4M)
|
Batting: RHB Karl Schultz
|
0-0: Ball 1-0: Ball 2-0: Ball 3-0: Called Strike 3-1: Grounds into double play, 5-4-3 (Groundball, 5L)
|
Bottom of the 5th over - 0 run(s), 1 hit(s), 0 error(s), 0 left on base; Chicago 1 - Boston 5 |
TOP OF THE 6TH |
Chicago Hawks batting - Pitching for Boston Patriots : RHP Lúcio Sánchez
|
Batting: LHB Motoshige Kitamura
|
0-0: Foul Ball, location: 2F 0-1: Foul Ball, location: 2F 0-2: Ground out 4-3 (Groundball, 13)
|
Batting: RHB José Lozano
|
0-0: Called Strike 0-1: Ground out 4-3 (Groundball, 4)
|
Batting: LHB Bill Griffin
|
0-0: Ball 1-0: Called Strike 1-1: Ball 2-1: Foul Ball, location: 2F 2-2: Ball 3-2: Strikes out looking
|
Top of the 6th over - 0 run(s), 0 hit(s), 0 error(s), 0 left on base; Chicago 1 - Boston 5 |
BOTTOM OF THE 6TH |
Boston Patriots batting - Pitching for Chicago Hawks : RHP Adrián Fierro
|
Batting: RHB Enrique Pérez
|
0-0: Called Strike 0-1: Ball 1-1: Fly out, F7 (Flyball, 7M)
|
Batting: LHB Juan González
|
0-0: Called Strike 0-1: Fly out, F8 (Flyball, 8LM)
|
Batting: RHB Bob Heller
|
0-0: Called Strike 0-1: Ground out 1-3 (Groundball, 23)
|
Bottom of the 6th over - 0 run(s), 0 hit(s), 0 error(s), 0 left on base; Chicago 1 - Boston 5 |
TOP OF THE 7TH |
Chicago Hawks batting - Pitching for Boston Patriots : RHP Lúcio Sánchez
|
Batting: RHB Ramón Gómez
|
0-0: Foul Ball, location: 2F 0-1: Ball 1-1: Ground out 5-3 (Groundball, 56)
|
Batting: LHB Bobby Moore
|
0-0: Swinging Strike 0-1: Foul Ball, location: 2F 0-2: Foul Ball, location: 2F 0-2: Foul Ball, location: 2F 0-2: Ball 1-2: Ground out 5-3 (Groundball, 56)
|
Batting: RHB Ed Whitaker
|
0-0: Called Strike 0-1: Swinging Strike 0-2: Ball 1-2: Strikes out swinging
|
Top of the 7th over - 0 run(s), 0 hit(s), 0 error(s), 0 left on base; Chicago 1 - Boston 5 |
BOTTOM OF THE 7TH |
Boston Patriots batting - Pitching for Chicago Hawks : RHP Adrián Fierro
|
Batting: RHB Tommy Jones
|
0-0: Foul Ball, location: 2F 0-1: SINGLE (Line Drive, 56D)
|
Pitching: RHP Brent Riley
|
|
Batting: RHB Tamasaburo Kato
|
0-0: Called Strike 0-1: Foul Ball, location: 2F 0-2: Strikes out swinging
|
Batting: LHB Chad Armstrong
|
0-0: Ball 1-0: Foul Ball, location: 2F 1-1: Foul Ball, location: 2F 1-2: Ball Tommy Jones steals 2nd base 2-2: Foul Ball, location: 2F 2-2: Ball 3-2: Foul Ball, location: 2F 3-2: Foul Ball, location: 2F 3-2: SINGLE (Line Drive, 8LS) Tommy Jones to third Runner from 3rd tries for Home, SAFE, no throw or cutoff
|
Batting: RHB Wilfred McLaughlin
|
0-0: Called Strike 0-1: Ball 1-1: Foul Ball, location: 2F 1-2: Grounds into double play, U4-3 (Groundball, 4)
|
Bottom of the 7th over - 1 run(s), 2 hit(s), 0 error(s), 0 left on base; Chicago 1 - Boston 6 |
TOP OF THE 8TH |
Chicago Hawks batting - Pitching for Boston Patriots : RHP Lúcio Sánchez
|
Batting: RHB Mitch Jensen
|
0-0: Called Strike 0-1: Swinging Strike 0-2: Ground out 6-3 (Groundball, 6)
|
Batting: RHB José Ramos
|
0-0: Ground out 4-3 (Groundball, 4M)
|
Batting: RHB Ted Young
|
0-0: Called Strike 0-1: Foul Ball, location: 2F 0-2: Ball 1-2: Foul Ball, location: 2F 1-2: Fly out, F3 (Popup, 3SF)
|
Top of the 8th over - 0 run(s), 0 hit(s), 0 error(s), 0 left on base; Chicago 1 - Boston 6 |
BOTTOM OF THE 8TH |
Boston Patriots batting - Pitching for Chicago Hawks : RHP Brent Riley
|
Batting: LHB Bill Chambers
|
0-0: Ball 1-0: Called Strike 1-1: Ball 2-1: Ball 3-1: Base on Balls
|
Batting: RHB Karl Schultz
|
0-0: Ball 1-0: SINGLE (Line Drive, 6MD) Bill Chambers to second
|
Batting: RHB Enrique Pérez
|
0-0: Swinging Strike 0-1: Swinging Strike 0-2: Strikes out swinging
|
Batting: LHB Juan González
|
0-0: DOUBLE (Flyball, 9D) Bill Chambers scores Karl Schultz to third Runner from 3rd tries for Home, SAFE, throw made home
|
Batting: RHB Bob Heller
|
0-0: Called Strike 0-1: Swinging Strike 0-2: Ball 1-2: Ball 2-2: Ball 3-2: Ground out 6-3 (Groundball, 6M) Juan González to third
|
Batting: RHB Tommy Jones
|
0-0: Ball 1-0: SINGLE (Groundball, 6MD) Juan González scores
|
Batting: RHB Tamasaburo Kato
|
0-0: Swinging Strike 0-1: Foul Ball, location: 2F 0-2: Ball Tommy Jones steals 2nd base 1-2: Ball 2-2: Ball 3-2: Base on Balls
|
Batting: LHB Chad Armstrong
|
0-0: Called Strike 0-1: Ball 1-1: Ground out 4-3 (Groundball, 4)
|
Bottom of the 8th over - 3 run(s), 3 hit(s), 0 error(s), 2 left on base; Chicago 1 - Boston 9 |
TOP OF THE 9TH |
Chicago Hawks batting - Pitching for Boston Patriots : RHP Lúcio Sánchez
|
Batting: LHB Motoshige Kitamura
|
0-0: Called Strike 0-1: Foul Ball, location: 2F 0-2: Ground out 1-3 (Groundball, 25)
|
Batting: RHB José Lozano
|
0-0: Foul Ball, location: 2F 0-1: Foul Ball, location: 2F 0-2: Ball 1-2: Ball 2-2: DOUBLE (Line Drive, 89S)
|
Pitching: LHP Kyle Lewis
|
|
Batting: LHB Bill Griffin
|
0-0: Ball 1-0: Called Strike 1-1: Called Strike 1-2: 2-RUN HOME RUN (Flyball, 9D), Distance : 369 ft
|
Batting: RHB Ramón Gómez
|
0-0: Foul Ball, location: 2F 0-1: Ball 1-1: Ball 2-1: SINGLE (Line Drive, 56D)
|
Batting: LHB Bobby Moore
|
0-0: Called Strike 0-1: Swinging Strike 0-2: Ball 1-2: Foul Ball, location: 2F 1-2: Ball 2-2: Foul Ball, location: 2F 2-2: Foul Ball, location: 2F 2-2: Foul Ball, location: 2F 2-2: Ball 3-2: Base on Balls Ramón Gómez to second
|
Batting: RHB Ed Whitaker
|
0-0: Ball 1-0: Ball 2-0: Called Strike 2-1: Fly out, F3 (Popup, 3DF)
|
Batting: RHB Mitch Jensen
|
0-0: Ball 1-0: Foul Ball, location: 2F 1-1: Ball 2-1: Foul Ball, location: 2F 2-2: Strikes out swinging
|
Top of the 9th over - 2 run(s), 3 hit(s), 0 error(s), 2 left on base; Chicago 3 - Boston 9 |
|